 Dungeon Crawl Stone Soup version 0.23.2-1-ga50397a (webtiles) character file.

Game seed: 2389491167064218431

71 teukkam the Skirmisher (level 4, -2/41 HPs)
             Began as a Minotaur Fighter on May 29, 2019.
             Slain by Prince Ribbit (11 damage)
             ... on level 5 of the Dungeon.
             The game lasted 00:02:04 (527 turns).

teukkam the Skirmisher (Minotaur Fighter)            Turns: 527, Time: 00:02:05

Health: -2/41      AC:  7    Str: 26    XL:     4   Next: 5%
Magic:  3/3        EV:  7    Int:  5    God:
Gold:   60         SH: 10    Dex: 10    Spells: 3/3 levels left

rFire    . . .     SeeInvis .   a - +0 war axe (freeze)
rCold    . . .     Gourm    .   c - +0 shield
rNeg     . . .     Faith    .   b - +0 scale mail
rPois    .         Spirit   .   (helmet restricted)
rElec    .         Reflect  .   (no cloak)
rCorr    .         Harm     .   (no gloves)
MR       .....                  (no boots)
Stlth    ..........             (no amulet)
HPRegen  0.13/turn              (no ring)
MPRegen  0.08/turn              (no ring)

@: mighty
A: retaliatory headbutt, horns 2
a: no special abilities


You were on level 5 of the Dungeon.
You were not hungry.

You visited 1 branch of the dungeon, and saw 5 of its levels.

You collected 60 gold pieces.

Inventory:

Hand Weapons
 a - a +0 war axe of freezing (weapon)
 i - a +2 dagger of venom
 j - a +0 war axe
Missiles
 g - 20 sling bullets
 h - 6 poisoned needles
Armour
 b - a +0 scale mail (worn)
 c - a +0 shield (worn)
Jewellery
 k - an uncursed ring of fire
Wands
 e - a wand of enslavement (11)
Potions
 m - a potion of heal wounds
Comestibles
 f - 3 rations


   Skills:
 + Level 4.4 Fighting
 - Level 1.1 Short Blades
 + Level 3.0 Axes
 + Level 4.4 Armour
 - Level 4.0 Shields


You had 3 spell levels left.
You didn't know any spells.
Your spell library was empty.

Dungeon Overview and Level Annotations

Branches:
Dungeon (5/15)
 Temple: D:4-7

Altars:

Annotations:
D:3 Sigmund
D:5 Prince Ribbit


Innate Abilities, Weirdness & Mutations

You reflexively headbutt those who attack you in melee.
You have a pair of horns on your head.


Message History

Prince Ribbit hits you.
* * * LOW HITPOINT WARNING * * *
You feel very mighty all of a sudden.
Prince Ribbit blinks!
You slash the hound skeleton!
The hound skeleton is heavily damaged.
You block the hound skeleton's attack.
Prince Ribbit blinks!
The hound skeleton bites you but does no damage.
You barely miss the hound skeleton.
The hound skeleton is heavily damaged.
The hound skeleton barely misses you. You block the hound skeleton's attack.
You slash the hound skeleton!
You destroy the hound skeleton!
Your Axes skill increases to level 3!
You have reached level 4!
You feel agile.
Prince Ribbit blinks!
Found 7 gold pieces.
Prince Ribbit hits you!
You die...

##...#####.... ##
#............. ...
#.#..####.....
##.########..#..........
.%.......###.##...#.....
................#.#.....
.........###.####.......
.......F.# #.#..........
.......@.# #.#..........
.........# .............
.............#..........
.............#.........#
.............####......#
.....<.##....#####......
$...... .#.......#.....
....... ###.####..#...#
....... #.# ##.....#


You could see Prince Ribbit.

Vanquished Creatures
  An iguana (D:4)
  A hound skeleton (D:5)
  An adder (D:3)
  A shadow imp (D:5)
  A dart slug (D:1)
  A giant cockroach (D:3)
  3 hobgoblins
  A bat (D:1)
  2 frilled lizards
  2 kobolds (D:2)
  A rat (D:3)
15 creatures vanquished.

Notes
Turn   | Place    | Note
-------+----------+-------------------------------------------
     0 | D:1      | teukkam the Minotaur Fighter began the quest for the Orb.
     0 | D:1      | Reached XP level 1. HP: 19/19 MP: 0/0
   154 | D:3      | Reached XP level 2. HP: 27/27 MP: 1/1
   210 | D:3      | Noticed Sigmund
   237 | D:4      | Reached skill level 1 in Short Blades
   237 | D:4      | Reached XP level 3. HP: 15/33 MP: 2/2
   406 | D:5      | Entered Level 5 of the Dungeon
   499 | D:5      | Noticed Prince Ribbit
   517 | D:5      | Reached XP level 4. HP: 8/41 MP: 3/3
   527 | D:5      | Slain by Prince Ribbit

Skill      XL: |  1  2  3 |
---------------+----------+-----
Fighting       | 4 |  4.4
Shields        | 4 |  4.0
Armour         | 4 |  4.4
Short Blades   | 1 |  1.1
Axes           | 3 |  3.0

Action                   |  1- 3 |  4- 6 || total
-------------------------+-------+-------++-------
Melee: War axe           |    14 |       ||    14
       Headbutt          |     5 |       ||     5
       Dagger            |    18 |       ||    18
  Use: Scroll            |     3 |       ||     3
       Potion            |     1 |       ||     1
Armor: Scale mail        |    10 |       ||    10
Dodge: Dodged            |    10 |       ||    10
Block: Shield            |    12 |       ||    12
